 Dungeon Crawl Stone Soup version 0.26.1-11-gd32895ea62 (webtiles) character file.

Game seed: 3891777962639720828

56546 Zeld the Severer (level 14, -2/127 HPs)
             Began as a Minotaur Berserker on May 26, 2021.
             Was a High Priest of Trog.
             Slain by a spriggan defender
             ... wielding a +1 flail of protection
             ... led by a spriggan defender
              (11 damage)
             ... on level 15 of the Dungeon.
             The game lasted 00:28:01 (30181 turns).

Zeld the Severer (Minotaur Berserker)              Turns: 30181, Time: 00:28:01

Health: -2/127     AC: 13    Str: 27    XL:     14   Next: 42%
Magic:  0/13       EV: 11    Int:  4    God:    Trog [*****.]
Gold:   320        SH:  0    Dex: 10    Spells: 13/13 levels left

rFire    . . .     SeeInvis .   a - +7 battleaxe (freeze)
rCold    . . .     Faith    .   (shield currently unavailable)
rNeg     . . .     Spirit   +   h - +0 plate armour
rPois    .         Reflect  .   (helmet restricted)
rElec    .         Harm     .   q - +0 cloak
rCorr    .         Rampage  .   K - +0 pair of gloves
Will     +....                  (no boots)
Stlth    ..........             D - amulet of guardian spirit
HPRegen  0.31/turn              (no ring)
MPRegen  0.13/turn              (no ring)

@: no status effects
A: retaliatory headbutt, horns 2
a: Renounce Religion, Berserk, Trog's Hand, Brothers in Arms


You were on level 15 of the Dungeon.
You worshipped Trog.
Trog was extremely pleased with you.
You visited 3 branches of the dungeon, and saw 17 of its levels.
You visited 1 bazaar.

You collected 1177 gold pieces.
You spent 857 gold pieces at shops.

Inventory:

Hand Weapons
 a - a +7 battleaxe of freezing (weapon)
 b - a +3 battleaxe of freezing
Armour
 h - a +0 plate armour (worn)
 q - a +0 cloak (worn)
 F - a +0 troll leather armour
 K - a +0 pair of gloves (worn)
Jewellery
 v - an uncursed ring of resist corrosion
 D - an amulet of guardian spirit (around neck)
 N - an uncursed ring of protection from cold
Wands
 p - a wand of flame (14)
 w - a wand of random effects (40)
 x - a wand of polymorph (7)
 y - a wand of iceblast (7)
 A - a wand of disintegration (11)
 B - a wand of paralysis (11)
 J - a wand of enslavement (16)
 L - a wand of acid (5)
Scrolls
 e - 3 scrolls of summoning
 f - 2 scrolls of fear
 i - 7 scrolls of remove curse
 l - 7 scrolls of magic mapping
 m - 6 scrolls of enchant armour
 o - a scroll of teleportation
 G - a scroll of silence
Potions
 j - a potion of berserk rage {unknown}
 k - 7 potions of haste
 n - 2 potions of magic
 s - 4 potions of lignification {unknown}
 u - 2 potions of resistance {unknown}
 z - a potion of flight {unknown}
 C - 2 potions of attraction {unknown}
 E - a potion of degeneration {unknown}
 H - a potion of cancellation {unknown}
 I - a potion of might {unknown}
Miscellaneous
 c - a phantom mirror
 t - a tin of tremorstones (2/2)


   Skills:
 * Level 12.8 Fighting
 - Level 20.0 Axes
 - Level 2.4 Armour
 * Level 11.7 Dodging
 * Level 9.7 Evocations


You had 13 spell levels left.
You didn't know any spells.
Your spell library was empty.

Dungeon Overview and Level Annotations

Branches:
Dungeon (15/15)            Temple (1/1) D:7            Lair (0/6) D:9
    Orc (0/2) D:12         Vaults (0/5) D:13         Depths (1/5) D:15

Altars:
Ashenzari
Cheibriados
Dithmenos
Elyvilon
Fedhas
Gozag
Hepliaklqana
Kikubaaqudgha
Makhleb
Nemelex Xobeh
Okawaru
Qazlal
Ru
Sif Muna
Trog
Uskayaw
Vehumet
Wu Jian
Xom
Yredelemnul
Zin
The Shining One
Jiyva

Shops:
D:4 ?   D:7 *   D:8 [   D:12 ?

Portals:
Trove: D:14 (give 9 potions of haste)

Annotations:
Depths:1 exclusion: orange crystal statue


Innate Abilities, Weirdness & Mutations

You reflexively headbutt those who attack you in melee.
You have a pair of horns on your head.


Message History

You climb upwards.
Welcome back to the Dungeon!
There is a staircase to the Depths, spattered with blood here.
Okay, then.
As you read the scroll of fear, it crumbles to dust.
You assume a fearsome visage.
The hell knight looks frightened!
The spriggan defender resists with almost no effort.
The spriggan defender barely misses you.
The hell knight casts a spell.
The hell knight blinks!
Unknown command.
The spriggan defender hits you but does no damage.
The hell knight casts a spell.
The hell knight blinks!
Things that are here:
20 arrows; a +0 shortbow The hell knight casts a spell.
The hell knight blinks!
The spriggan defender barely misses you.
The spriggan defender hits you with a +1 flail of protection!
You die...

#.............##.#.#####..
#8....8......8..#.........
#.8......8.....###.##.....
##8...8.(....8..#
####.....
#.....8.>....P..# #.....
#.....(8[(....P## ##.....
#..8..P....P...# #......
#.........i.8..# #......
#######........8@...8#
#......
........#..8P...^...##
###......
##########.....P..8##
#......## #####...###
#......##
##..#########...#..#
###.......#....##..
##....##.....#..##.. ###
###....###.#.####..##.
#####.#####....####..###
##...#.


You could see a spriggan defender.

Vanquished Creatures
  A deep elf sorcerer (D:13)
  A spriggan defender (D:15)
  The ghost of pcat the Thaumaturge, a journeyman DECj of Vehumet (D:12)
  Harold (D:7)
  Erolcha (D:9)
  6 boulder beetles
  A catoblepas (D:15)
  2 ogre magi
  4 centaur warriors
  A dancing weapon (D:7)
  6 two-headed ogres
  2 vampire magi
  A deep elf knight (D:13)
  A skeletal warrior (D:15)
  2 wizards
  2 unseen horrors
  2 wolf spider zombies
  6 ugly things
  A necromancer (D:15)
  Pikel (D:6)
  6 deep elf magi (D:13)
  A cyclops (D:11)
  3 orc sorcerers (D:13)
  A cyclops (shapeshifter) (D:11)
  3 centaur zombies
  6 naga magi (D:13)
  A gargoyle (D:10)
  The ghost of 0gre the Chiller, a novice GnIE of Gozag (D:7)
  A kobold demonologist (D:15)
  5 trolls
  A guardian mummy (D:15)
  3 meliai (D:15)
  A hornet (D:8)
  A slime creature (D:12)
  Prince Ribbit (D:8)
  A fire dragon zombie (D:15)
  An ice dragon zombie (D:15)
  A shadow (D:11)
  10 yaks
  2 vampires
  2 wraiths
  2 water elementals
  2 wyverns
  2 hogs (D:14)
  The ghost of jlumianski the Caller, an amateur FeSu (D:6)
  2 basilisks
  7 vampire mosquitoes
  2 soldier ants
  A human zombie (D:15)
  3 water moccasins (D:9)
  An acid dragon (D:15)
  A tengu skeleton (D:15)
  Purgy (D:3)
  8 ice beasts
  4 black bears
  4 phantoms
  An eye of draining (D:14)
  5 orc warriors
  A sky beast (D:7)
  A necrophage (D:15)
  A boggart (shapeshifter) (D:12)
  9 ogres
  6 boggarts
  17 centaurs
  4 big kobolds
  18 bullfrogs
  3 gnoll sergeants (D:6)
  A wyvern zombie (D:14)
  2 wyvern skeletons (D:13)
  2 scorpions
  A water moccasin skeleton (D:6)
  17 killer bees
  5 howler monkeys
  31 wights
  3 electric eels
  A crimson imp (D:11)
  6 jellies
  A bullfrog zombie (D:13)
  10 hounds
  4 centaur skeletons
  2 gnoll shamans
  4 orc priests
  3 bullfrog skeletons
  An iron imp (D:6)
  Jessica (D:3)
  Natasha (thrice) (D:3)
  4 iguanas
  12 orc wizards
  5 worker ants
  3 hound skeletons
  A worker ant zombie (D:10)
  A howler monkey skeleton (D:7)
  15 gnolls
  8 adders
  3 shadow imps
  2 white imps
  An adder zombie (D:6)
  2 worms
  A dart slug (D:5)
  6 leopard geckos
  61 orcs
  3 giant cockroaches
  5 goblins
  11 hobgoblins
  8 jackals
  7 quokkas
  7 bats
  6 frilled lizards
  3 goblin skeletons (D:6)
  2 goblin zombies (D:6)
  2 hobgoblin zombies (D:6)
  16 kobolds
  2 kobold zombies (D:6)
  A leopard gecko zombie (D:8)
  An orc skeleton (D:6)
  7 rats
506 creatures vanquished.

Vanquished Creatures (collateral kills)
  Kirke (D:14)
  3 hydras
  A skeletal warrior (D:13)
  A deep elf mage (D:13)
  A naga mage (D:13)
  Joseph (D:8)
  A hog (D:14)
  A howler monkey (D:14)
10 creatures vanquished.

Vanquished Creatures (others)
  2 boggarts (D:15)
  A centaur skeleton (D:11)
  A kobold (D:15)
  35 fungi
  35 plants
  5 withered plants (D:15)
79 creatures vanquished.

Grand Total: 595 creatures vanquished

Notes
Turn   | Place    | Note
-------+----------+-------------------------------------------
     0 | D:1      | Zeld the Minotaur Berserker began the quest for the Orb.
     0 | D:1      | Reached XP level 1. HP: 19/19 MP: 0/0
   269 | D:1      | Reached skill level 4 in Axes
   324 | D:1      | Reached XP level 2. HP: 14/26 MP: 1/1
   570 | D:1      | You fall into a shaft and drop 1 floor!
  1334 | D:1      | Reached skill level 5 in Axes
  1501 | D:1      | Reached XP level 3. HP: 29/31 MP: 2/2
  1588 | D:2      | Reached ** piety under Trog
  1809 | D:2      | Found a shimmering altar of Xom.
  2397 | D:3      | Noticed Purgy
  2430 | D:3      | Killed Purgy
  2431 | D:3      | Reached skill level 7 in Axes
  2431 | D:3      | Reached XP level 4. HP: 22/39 MP: 3/3
  2431 | D:3      | Reached XP level 5. HP: 26/45 MP: 4/4
  2792 | D:3      | Noticed Natasha
  2804 | D:3      | Killed Natasha
  3229 | D:3      | Noticed Natasha
  3249 | D:3      | Killed Natasha
  3397 | D:3      | Noticed Natasha
  3404 | D:3      | Killed Natasha
  3405 | D:3      | Reached skill level 8 in Axes
  3663 | D:3      | Noticed Jessica
  3668 | D:3      | Killed Jessica
  3669 | D:3      | Reached XP level 6. HP: 37/51 MP: 5/5
  3874 | D:3      | Found a broken altar of Ashenzari.
  4215 | D:4      | Found Vaeselle's Magic Scroll Shoppe.
  4225 | D:4      | Bought a scroll of identify for 22 gold pieces
  4225 | D:4      | Bought a scroll of fear for 38 gold pieces
  4225 | D:4      | Bought a scroll of magic mapping for 38 gold pieces
  4225 | D:4      | Bought a scroll of remove curse for 33 gold pieces
  5033 | D:4      | Found a burning altar of Makhleb.
  5041 | D:4      | Reached skill level 9 in Axes
  5209 | D:4      | Found a glowing silver altar of Zin.
  5209 | D:4      | Found a shimmering blue altar of Sif Muna.
  5247 | D:4      | Found a hazy altar of Hepliaklqana.
  5521 | D:4      | Bought a scroll of enchant armour for 82 gold pieces
  5718 | D:5      | Entered Level 5 of the Dungeon
  5850 | D:5      | Reached XP level 7. HP: 57/57 MP: 6/6
  5855 | D:5      | Reached skill level 10 in Axes
  6693 | D:5      | Found a sparkling altar of Nemelex Xobeh.
  6922 | D:6      | Reached skill level 11 in Axes
  7402 | D:6      | Reached XP level 8. HP: 64/64 MP: 7/7
  7491 | D:6      | Identified the cursed +0 buckler of the Tick {rC+ rN+}
  7586 | D:6      | Found a transporter.
  7592 | D:6      | Found a transporter.
  7646 | D:6      | Found a glowing golden altar of the Shining One.
  7681 | D:6      | Reached skill level 12 in Axes
  7864 | D:6      | Reached *** piety under Trog
  7916 | D:6      | Noticed Pikel
  7928 | D:6      | Killed Pikel
  7929 | D:6      | Reached skill level 13 in Axes
  7929 | D:6      | Reached XP level 9. HP: 70/70 MP: 8/8
  8189 | D:6      | Identified the ring of Kuop {+Inv MP+9}
  8527 | D:6      | Noticed jlumianski's ghost (amateur FeSu)
  8585 | D:6      | Paralysed by a gnoll for 6 turns
  8840 | D:6      | Reached skill level 14 in Axes
  9562 | D:6      | Killed jlumianski's ghost
  9798 | D:7      | Found a runed translucent door.
  9800 | D:7      | Found a shimmering altar of Xom.
  9800 | D:7      | Noticed 0gre's ghost (novice GnIE)
  9800 | D:7      | Noticed a +0 mace of chaos
  9895 | D:7      | Noticed Harold
  9908 | D:7      | Killed Harold
  9909 | D:7      | Reached skill level 15 in Axes
 10270 | D:7      | Found a broken altar of Ashenzari.
 10459 | D:7      | Reached skill level 16 in Axes
 10624 | D:7      | Reached **** piety under Trog
 10842 | D:7      | Reached XP level 10. HP: 77/77 MP: 7/9
 10992 | D:7      | Found Coageczo's General Store.
 10997 | D:7      | Bought a wand of iceblast (5) for 117 gold pieces
 10997 | D:7      | Bought a scroll of identify for 26 gold pieces
 11256 | D:7      | Found a staircase to the Ecumenical Temple.
 11266 | Temple   | Entered the Ecumenical Temple
 11440 | D:8      | Noticed a two-headed ogre
 11443 | D:8      | Found a shadowy altar of Dithmenos.
 11449 | D:8      | Noticed Joseph
 11452 | D:8      | Killed a two-headed ogre
 11453 | D:8      | Reached skill level 17 in Axes
 11766 | D:8      | Killed Joseph
 11980 | D:8      | Found a blossoming altar of Fedhas.
 11986 | D:8      | Found a stormy altar of Qazlal.
 12170 | D:4      | Bought a scroll of summoning for 104 gold pieces
 12401 | D:7      | Killed 0gre's ghost
 12405 | D:7      | Killed a +0 mace of chaos
 12406 | D:7      | Reached skill level 18 in Axes
 12597 | D:8      | Noticed Prince Ribbit
 12610 | D:8      | Found Zeceting's Armour Emporium.
 12618 | D:8      | Killed Prince Ribbit
 12994 | D:8      | Found a basalt altar of Yredelemnul.
 13246 | D:8      | Reached ***** piety under Trog
 13383 | D:9      | Reached XP level 11. HP: 64/82 MP: 8/10
 13458 | D:9      | Found a staircase to the Lair.
 13506 | D:9      | Noticed a two-headed ogre
 13515 | D:9      | Killed a two-headed ogre
 13516 | D:9      | Reached skill level 19 in Axes
 13601 | D:9      | Noticed Erolcha
 13607 | D:9      | Killed Erolcha
 14191 | D:9      | Found a stormy altar of Qazlal.
 14415 | D:10     | Entered Level 10 of the Dungeon
 15109 | D:10     | Reached skill level 20 in Axes
 15333 | D:10     | Reached skill level 1 in Evocations
 15686 | D:11     | Noticed a brown ugly thing
 15696 | D:11     | Killed a brown ugly thing
 15699 | D:11     | Reached skill level 5 in Fighting
 15862 | D:11     | Noticed a boulder beetle
 15877 | D:11     | Killed a boulder beetle
 16347 | D:11     | Noticed a white ugly thing
 16352 | D:11     | Killed a white ugly thing
 16353 | D:11     | Reached XP level 12. HP: 96/96 MP: 11/11
 16411 | D:11     | Noticed a two-headed ogre
 16419 | D:11     | Killed a two-headed ogre
 16420 | D:11     | Reached skill level 5 in Dodging
 16635 | D:11     | Noticed a boulder beetle
 16647 | D:11     | Killed a boulder beetle
 17338 | D:11     | Noticed a boulder beetle
 17338 | D:11     | Identified the +3 leather armour of the Okapi {Rampage
                  | rElec MP-9 Int-5}
 17338 | D:11     | Noticed an ogre mage
 17777 | D:11     | Killed an ogre mage
 17852 | D:11     | Received a gift from Trog
 17868 | D:11     | Reached skill level 5 in Evocations
 17981 | D:11     | Killed a boulder beetle
 18276 | D:12     | Found Zoiteomo's Magic Scroll Shoppe.
 18296 | D:12     | Bought a scroll of remove curse for 30 gold pieces
 18296 | D:12     | Bought a scroll of summoning for 95 gold pieces
 18296 | D:12     | Bought a scroll of identify for 20 gold pieces
 18296 | D:12     | Bought a scroll of magic mapping for 35 gold pieces
 18296 | D:12     | Bought a scroll of identify for 20 gold pieces
 18296 | D:12     | Bought a scroll of identify for 20 gold pieces
 18297 | D:12     | Found a flickering gateway to a bazaar.
 18312 | D:12     | Found a large runed translucent door.
 18345 | Bazaar   | Entered a bazaar
 18505 | Bazaar   | Found Paleviuh's Book Emporium.
 18530 | Bazaar   | Found Ommou's Antique Armour Emporium.
 18563 | Bazaar   | Found Rufesuep's Antique Weapon Boutique.
 18580 | Bazaar   | Found Peru's Antique Weapon Emporium.
 18623 | D:12     | Found a viscous altar of Jiyva.
 19022 | D:12     | Noticed a boulder beetle
 19032 | D:12     | Killed a boulder beetle
 19412 | D:12     | Found a large runed translucent door.
 19414 | D:12     | Noticed pcat's ghost (journeyman DECj)
 19577 | D:12     | Killed pcat's ghost
 19682 | D:13     | Noticed a centaur warrior
 19978 | D:13     | Killed a centaur warrior
 20050 | D:13     | Reached XP level 13. HP: 71/111 MP: 9/12
 21050 | D:13     | You fall into a shaft and drop 1 floor!
 21125 | D:14     | Reached skill level 10 in Fighting
 22719 | D:13     | Found a gate to the Vaults.
 22910 | D:13     | Found a shimmering blue altar of Sif Muna.
 22912 | D:13     | Noticed a deep elf sorcerer
 22933 | D:13     | Killed a deep elf sorcerer
 22934 | D:13     | Reached skill level 10 in Dodging
 23551 | D:13     | Received a gift from Trog
 23697 | D:14     | Found a portal to a secret trove of treasure.
 24645 | D:14     | Noticed Kirke
 24652 | D:14     | Killed Kirke
 25383 | D:4      | Bought a scroll of enchant weapon for 82 gold pieces
 25543 | D:12     | Bought a scroll of summoning for 95 gold pieces
 25612 | D:15     | Entered Level 15 of the Dungeon
 25660 | D:15     | Reached XP level 14. HP: 125/125 MP: 13/13
 27047 | D:15     | Found a staircase to the Depths.
 28276 | Depths:1 | Entered Level 1 of the Depths
 28535 | Depths:1 | Noticed a stone giant
 28535 | Depths:1 | Noticed a stone giant
 28535 | Depths:1 | Noticed a stone giant
 28536 | Depths:1 | Noticed a spriggan defender
 28536 | Depths:1 | Noticed a spriggan defender
 28975 | D:15     | Found a staircase to the Depths.
 29916 | Depths:1 | Noticed a frost giant
 29933 | D:15     | Killed a spriggan defender
 30181 | D:15     | Slain by a spriggan defender

Illustrated notes

Levels and vault maps discovered:
D:1:      dpeg_arrival_concentric_ovals, layout_loops_ring, hex_large,
          hangedman_glass_teeth, minmay_misc_feat_rugged
D:2:      layout_loops_ring, corexii_item_surrounded_by_moat, xom_teletrap_fun
D:3:      layout_basic, overflow_temple_1_default, hex_tiny, uniq_purgy,
          uniq_natasha, uniq_jessica
D:4:      layout_loops_corners, makhleb_heckhound_becter,
          nicolae_overflow_hidden_temple,
          chequers_temple_overflow_statue_of_worship, serial_aquarium,
          aquarium_bridge_square [aquarium_subvault_wall,
          aquarium_subvault_wall, aquarium_subvault_wall,
          aquarium_subvault_bridge], aquarium_window_fake,
          aquarium_window_corner, aquarium_window_1, aquarium_view_2c,
          aquarium_balcony_5b, serial_shops, shop, grunt_ministairs_12
D:5:      layout_basic, kennysheep_mini
D:6:      layout_loops_corners, gammafunk_ghost_gnarly_gnolls,
          nicolae_tso_besieged_by_evil, uniq_pikel
D:7:      layout_loops_cross, minmay_temple_entry_fiery, serial_shops,
          shop_statue, ebering_ghost_xom, serial_park_tiny_1,
          cheibrodos_ashenzari_chains, uniq_harold
D:8:      layout_basic, nicolae_dithmenos_the_darkroom,
          yredelemnul_altar_generic, kennysheep_mini_moat, special_room
          [special_room_orc], serial_shops, shop, hangedman_pestilent_swarm,
          nicolae_qazlal_style_of_elements, uniq_prince_ribbit1, uniq_joseph
D:9:      layout_irregular_city, overflow_temple_1_default,
          due_lair_maze_entry_diamond, uniq_erolcha
D:10:     layout_big_octagon
D:11:     minmay_the_grid_octo_tiled_octocenter [minmay_the_grid_octo_teeth,
          minmay_the_grid_octo_checkerflower,
          minmay_the_grid_octo_tetromino_candy, minmay_the_grid_octo_chip,
          minmay_the_grid_octo_prize_star, minmay_the_grid_square_5x5_slash,
          minmay_the_grid_square_5x5_meh, minmay_the_grid_square_5x5_v,
          minmay_the_grid_square_5x5_bridge], layout_irregular_city,
          lightli_wizard_tower
D:12:     layout_basic, hiddenorc2_lemuel, serial_shops, bzr_entry_gold,
          shop_scrolls, ebering_ghost_disaster_area, serial_bayou_lagoon_a,
          drop_trap, jiyva_altar_1
D:13:     evilmike_library_of_no_secrets, layout_basic,
          hangedman_vaults_entry_quadrant_bands
D:14:     layout_long_grid, trove_entry_hex_spiral, hangedman_decor_riveting,
          grunt_ministairs_2, uniq_kirke
D:15:     gammafunk_depths_entry_grave, layout_layer_cave
Temple:   nicolae_temple_hex_pool
Depths:1: minmay_expanding_squares, layout_cave_shapes, pf_dread_powers_of_hell,
          nemelex_xobeh_ov_fountains_minmay, grunt_pan_entry_sceptre,
          chequers_serial_rivers_large_a, minivault_16, minivault_11,
          nrook_campfire, nrook_mini_backslash, hallowed_hall

Skill      XL: |  1  2  3  4  5  6  7  8  9 10 11 12 13 14 |
---------------+-------------------------------------------+-----
Axes           | 4 5 7 8 9 11 13 16 18 20 | 20.0
Fighting       | 6 9 11 12 | 12.8
Evocations     | 3 6 8 9 |  9.7
Dodging        | 4 8 10 11 | 11.7
Armour         | |  2.4

Action                   |  1- 3 |  4- 6 |  7- 9 | 10-12 | 13-15 || total
-------------------------+-------+-------+-------+-------+-------++-------
Melee: Hand axe          |    73 |   124 |    74 |       |       ||   271
       Headbutt          |    11 |    17 |    51 |    90 |    61 ||   230
       Battleaxe         |       |       |   169 |   467 |   291 ||   927
Invok: Berserk           |     1 |     3 |    13 |    19 |     9 ||    45
       Brothers in Arms  |       |       |       |     3 |     6 ||     9
Evoke: Wand              |       |       |       |       |     3 ||     3
  Use: Scroll            |     3 |     2 |     5 |    13 |    14 ||    37
       Potion            |       |       |       |       |     5 ||     5
 Stab: Invisible         |       |       |       |     4 |       ||     4
       Distracted        |       |       |       |       |     3 ||     3
Armor: Plate armour      |       |    55 |   123 |   215 |   187 ||   580
       Skin              |       |       |       |     1 |       ||     1
Dodge: Dodged            |    49 |    36 |    89 |   162 |   131 ||   467
